 Dungeon Crawl Stone Soup version 0.31-a0-236-g9a0961fb85 (webtiles) character file.

Game seed: 11547489093036680928

115 promet the Shield-Bearer (level 5, 0/37 (42) HPs)
             Began as a Formicid Fighter on July 10, 2023.
             Slain by a wight
             ... wielding a +4 hand axe of freezing
              (1 damage)
             ... on level 3 of the Dungeon.
             The game lasted 00:10:43 (2688 turns).

promet the Shield-Bearer (Formicid Fighter)         Turns: 2688, Time: 00:10:45

HP:   0/37 (42)     AC:  8    Str: 20    XL:     5   Next: 20%
MP:   5/5           EV:  9    Int: 10    God:
Gold: 28            SH:  0    Dex: 13    Spells: 4/4 levels left

rFire   . . .        a - +2 flail
rCold   . . .        (no shield)
rNeg    . . .        j - +1 scale mail
rPois   .            (helmet unavailable)
rElec   .            (no cloak)
rCorr   .            (no gloves)
SInv    +            (no boots)
Will    .....        (no amulet) Stlth
                     (no ring)
HPRegen 0.26/turn    (no ring)
MPRegen 0.09/turn

%: no passive effects
@: heavily drained
A: permanent stasis, dig shafts and tunnels, antennae 3, four strong arms
a: Dig, Shaft Self


You were on level 3 of the Dungeon.
You visited 1 branch of the dungeon, and saw 3 of its levels.

You collected 28 gold pieces.

Inventory:

Hand Weapons
 a - a +2 flail (weapon)
 b - a +0 orcbow
 d - a +0 trident
Missiles
 g - 4 stones
 l - 13 poisoned darts
Armour
 c - a +0 buckler
 j - a +1 scale mail (worn)
Scrolls
 e - a scroll of identify {unknown}
 f - a scroll of acquirement {unknown}
 h - a scroll of enchant armour
 i - a scroll of blinking {unknown}
 k - a scroll of fog {unknown}
 m - a scroll of vulnerability {unknown}


   Skills:
 * Level 4.1 Fighting
 + Level 3.2 Polearms
 + Level 1.1 Ranged Weapons
 + Level 4.0 Armour
 + Level 0.2 Dodging
 + Level 4.4 Shields


You had 4 spell levels left.
You didn't know any spells.
Your spell library contained the following spells:

 Spells                   Type           Power      Damage    Failure   Level
 Necrotise                Necr           0%         1d4       71%         1
 Vampiric Draining        Necr           0%         2d6       97%         3
 Agony                    Necr           0%         N/A       100%        5


Dungeon Overview and Level Annotations

Branches:
Dungeon (3/15)

Altars:


Innate Abilities, Weirdness & Mutations

You cannot be hasted, slowed, berserked, paralysed or teleported.
You can dig through walls and to a lower floor.
You have a pair of large antennae on your head. (SInv)
Your four strong arms can wield two-handed weapons with a shield.


Message History

The arrow hits the wight but does no damage.
The wight is moderately damaged.
You shoot an arrow.
The arrow hits the wight but does no damage.
The wight is moderately damaged.
You feel a little less mighty now.
The wight hits you with a +4 hand axe of freezing.
You feel drained. The wight freezes you.
a - a +2 flail (weapon)
You hit the wight.
The wight is heavily damaged.
The wight hits you with a +4 hand axe of freezing.
You feel drained. The wight freezes you.
The wight hits you with a +4 hand axe of freezing.
The wight freezes you.
You hit the wight but do no damage.
The wight is heavily damaged.
The wight hits you with a +4 hand axe of freezing!
The wight freezes you.
* * * LOW HITPOINT WARNING * * *
You are too injured to fight recklessly!
You are too injured to fight recklessly!
You barely miss the wight.
The wight is heavily damaged.
The wight attacks as you move away!
The wight hits you with a +4 hand axe of freezing.
* * * LOW HITPOINT WARNING * * *
The wight freezes you.
* * * LOW HITPOINT WARNING * * *
Things that are here:
a +0 dagger; an orc skeleton
As you read the scroll labelled AVEROM ZACS, it crumbles to dust.
It is a scroll of enchant armour.
Your +0 scale mail glows green for a moment.
The wight hits you with a +4 hand axe of freezing.
* * * LOW HITPOINT WARNING * * *
You feel drained.
* * * LOW HITPOINT WARNING * * *
The wight freezes you.
You die...

...# #....# .).#
###### #.##.# ...#
#....#### #.#<.# ...
#.......# #...## ..
##.#####)#####.# '##
#.....#.##.# #.# ..#
##...##.>#.# #.# z.#
#...#...#.###.## .z##
+#...#+.##.@....#
.z{###.....##.#z######
...............z#
....z...8.......#
...............##
#..###z....#####
..##.z#...#..##
###...#...#...#
#<.##...##.<#


You could see 2 wights.

Vanquished Creatures
  A wight (D:2)
  2 adders (D:2)
  2 worms (D:2)
  2 dart slugs (D:1)
  An orc (D:3)
  3 endoplasms
  A giant cockroach (D:2)
  6 goblins
  3 hobgoblins
  2 jackals (D:2)
  3 quokkas
  2 ball pythons (D:1)
  4 bats
  3 frilled lizards
  A rat (D:1)
36 creatures vanquished.

Notes
Turn   | Place    | Note
-------+----------+-------------------------------------------
     0 | D:1      | promet the Formicid Fighter began the quest for the Orb.
     0 | D:1      | Reached XP level 1. HP: 18/18 MP: 1/1
   133 | D:1      | Reached XP level 2. HP: 24/24 MP: 2/2
  1107 | D:1      | Reached XP level 3. HP: 29/29 MP: 3/3
  1266 | D:1      | Found a faded altar of an unknown god.
  1905 | D:2      | Reached XP level 4. HP: 35/35 MP: 4/4
  2541 | D:3      | Noticed a wight
  2542 | D:3      | Noticed a wight
  2543 | D:3      | Noticed a wight
  2545 | D:3      | Noticed a wight
  2624 | D:2      | Killed a wight
  2625 | D:2      | Reached skill level 1 in Ranged Weapons
  2625 | D:2      | Reached XP level 5. HP: 28/40 MP: 5/5
  2688 | D:3      | HP: 1/37 [wight/+4 hand axe of freezing (1)]
  2688 | D:3      | Slain by a wight

Illustrated notes

Levels and vault maps discovered:
D:1:      dpeg_arrival_water_temple_mockup, layout_loops_ring,
          chequers_ecumenical_altar_grove
D:2:      layout_basic
D:3:      layout_basic, zin_academy, minivault_5, grunt_ministairs_6

Skill      XL: |  1  2  3  4 |
---------------+-------------+-----
Polearms       | 3 |  3.2
Fighting       | 4 |  4.1
Ranged Weapons | 1 |  1.1
Armour         | 4 |  4.0
Dodging        | |  0.2
Shields        | |  4.4

Action                     |  1- 3 |  4- 6 || total
---------------------------+-------+-------++-------
  Melee: Trident           |    62 |    44 ||   106
         Flail             |       |     3 ||     3
   Fire: Orcbow            |    10 |    15 ||    25
Ability: Dig               |       |     2 ||     2
    Use: Potion            |       |     1 ||     1
         Scroll            |       |     1 ||     1
 Armour: Scale mail        |    18 |    29 ||    47
  Dodge: Dodged            |    22 |    19 ||    41
  Block: Buckler           |     7 |       ||     7

Table legend: (Time is in decaauts)
 A = Elapsed time spent in this place.
 B = Non-inter-level travel time spent in this place.
 C = Inter-level travel time spent in this place.
 D = Time resting spent in this place.
 E = Time spent auto-exploring this place.
 F = Levels seen in this place.
 G = Mean time per level.
                   A        B        C        D        E       F      G
               +--------+--------+--------+--------+--------+-----+--------+
         Total |   2721 |   2583 |    138 |    831 |    776 |   3 |  907.0 |
       Dungeon |   2721 |   2583 |    138 |    831 |    776 |   3 |  907.0 |
               +--------+--------+--------+--------+--------+-----+--------+

Top non-repeatable levels by time:
     D:1: 1358 daAuts
     D:2: 1209 daAuts
     D:3: 152 daAuts
